AoeStats
← Corsican Pirate

Nomad

509702002Analyzed
4v4 RM · 6d ago on Sep 27, 2026· 54m 13s· 8 players
Game mode
Random Map
Map size
231×231
Population
200
Speed
Normal
Resources
Standard
Victory
Conquest
Starting age
Dark Age
Ending age
Imperial Age
RankedLock teamsTeams togetherTeam positionsShared explorationLock speedFull tech treeHidden civsTurbo modeCheats
Victory
Defeat
🇲🇽 Varangians · Mexico
1331
+11
🇲🇽 Celts · Mexico
1247
+14
🇮🇹 Franks · Italy
1235
+15
🇷🇺 Saxons · Russia
1176
+17
🇩🇪 Vietnamese · Germany
1360
-21
🇷🇺 Spanish · Russia
1210
-14
🇪🇸 Berbers · Spain
1195
-14
🇺🇸 Burgundians · United States
1052
-8
lady_schmady
8:13 Loom
21:00 Feudal Age
22:27 Wheelbarrow
24:06 Double-Bit Axe
36:28 Castle Age
35:46 Bow Saw
35:17 Horse Collar
36:55 Forging
37:22 Pikeman
53:54 Imperial Age
CivitasDei
6:17 Loom
15:54 Feudal Age
18:15 Double-Bit Axe
18:12 Horse Collar
19:29 Arson
24:31 Castle Age
24:58 Forging
25:24 Husbandry
26:33 Wheelbarrow
28:36 Fletching
28:46 Padded Archer Armor
36:33 Pikeman
37:17 Squires
50:12 Imperial Age
47:30 Town Watch
51:22 Conscription
__KINGO__
6:22 Loom
15:25 Feudal Age
19:14 Wheelbarrow
23:02 Castle Age
24:52 Fletching
25:28 Bodkin Arrow
30:41 Double-Bit Axe
31:32 Padded Archer Armor
33:04 Leather Archer Armor
35:42 Bow Saw
35:15 Horse Collar
35:53 Hand Cart
38:29 Gold Mining
49:54 Imperial Age
48:50 Stone Mining
50:38 Ballistics
50:03 Elite Rattan Archer
51:01 Bracer
54:04 Chemistry
54:29 Ring Archer Armor
|GaoeG| Ratarax
9:22 Loom
15:30 Feudal Age
17:24 Double-Bit Axe
20:29 Stone Mining
22:43 Castle Age
30:46 Horse Collar
34:28 Wheelbarrow
39:06 Fletching
39:16 Padded Archer Armor
42:00 Bodkin Arrow
42:21 Leather Archer Armor
44:16 Bow Saw
Imperial Skirmisher
5:14 Loom
6:05 Loom
13:23 Feudal Age
14:11 Town Watch
17:14 Castle Age
15:46 Stone Mining
15:42 Double-Bit Axe
18:16 Bow Saw
18:25 Forging
19:41 Fletching
23:37 Scale Mail Armor
25:30 Wheelbarrow
25:16 Horse Collar
25:31 Arson
27:25 Chain Mail Armor
29:18 Iron Casting
29:19 Bodkin Arrow
31:20 Hand Cart
33:35 Ballistics
33:34 Gold Mining
33:53 Stronghold
38:05 Imperial Age
38:02 Masonry
39:25 Plate Mail Armor
39:19 Conscription
39:36 Hoardings
40:51 Blast Furnace
41:07 Chemistry
41:00 Elite Woad Raider
44:39 Gold Shaft Mining
44:37 Heavy Plow
52:24 Furor Celtica
52:59 Siege Engineers
53:35 Capped Ram
time0wner
4:10 Loom
12:50 Feudal Age
19:13 Double-Bit Axe
23:19 Scale Barding Armor
23:24 Forging
25:46 Castle Age
25:47 Gold Mining
26:05 Light Cavalry
26:46 Husbandry
27:12 Chain Barding Armor
27:27 Iron Casting
31:37 Wheelbarrow
34:32 Bow Saw
41:19 Stone Mining
41:59 Fletching
42:09 Padded Archer Armor
48:03 Imperial Age
45:56 Hand Cart
45:57 Ordonnance Companies
46:42 Bodkin Arrow
47:02 Leather Archer Armor
48:00 Ballistics
48:35 Cranequins
48:52 Heavy Mounted Crossbowman
48:54 Cavalier
50:07 Conscription
50:22 Paladin
53:39 Plate Barding Armor
54:04 Blast Furnace
Corsican Pirate
3:04 Loom
15:50 Feudal Age
20:13 Castle Age
18:14 Double-Bit Axe
20:41 Bloodlines
20:39 Scale Barding Armor
26:56 Wheelbarrow
27:24 Forging
27:21 Squires
27:53 Scale Mail Armor
27:57 Husbandry
27:49 Horse Collar
30:26 Bow Saw
34:55 Chain Barding Armor
36:18 Iron Casting
37:24 Hand Cart
40:12 Chain Mail Armor
41:05 Heavy Plow
47:19 Imperial Age
45:45 Gold Mining
47:25 Fervor
47:39 Cavalier
49:57 Conscription
50:00 Vendel Legacy
51:36 Ballistics
51:23 Siege Engineers
52:56 Plate Barding Armor
53:23 Blast Furnace
53:07 Crop Rotation
52:44 Gothikon
sybertuk
4:48 Loom
5:43 Loom
13:25 Feudal Age
15:00 Wheelbarrow
14:25 Double-Bit Axe
16:41 Town Watch
20:05 Horse Collar
22:33 Castle Age
20:53 Fletching
21:28 Stone Mining
23:29 Medium Warships
28:17 Bow Saw
37:34 Hand Cart
38:53 Gold Mining
42:00 Imperial Age
39:16 Clerical Recruitment
40:45 Murder Holes
41:11 Ballistics
41:38 Redemption
41:50 Sanctity
41:57 Gambesons
42:13 Squires
41:59 Arson
42:16 Scale Mail Armor
42:28 Forging
42:33 Masonry
42:24 Bodkin Arrow
43:11 Conscription
42:39 Elite Hearth Troop
44:20 Chain Mail Armor
46:04 Two-Man Saw
45:11 Heavy Plow
44:59 Elite Varangian Guard
46:27 Plate Mail Armor
46:55 Capped Ram
46:59 Pikeman
47:07 Shield Wall
48:23 Hoardings
49:38 Bracer
49:52 Halberdier
51:13 Siege Ram
53:17 Onager
Connection lost

Rejoining the realm…

Still unreachable

The connection could not be restored.

Session expired

The server has moved on; the page needs a fresh start.